 Dungeon Crawl Stone Soup version 0.15-a0-258-g027b8cd (webtiles) character file.

113 4tharraofdagon the Firebug (level 3, 0/19 HPs)
             Began as a Deep Elf Fire Elementalist on Apr 27, 2014.
             Slain by an adder (5 damage)
             ... on Level 3 of the Dungeon.
             The game lasted 00:04:42 (640 turns).

4tharraofdagon the Firebug (DEFE)                    Turns: 640, Time: 00:04:43

HP   0/19        AC  4     Str  5      XL: 3   Next: 78%
MP  11/11        EV 13     Int 20      God:
Gold 54          SH  0     Dex 15      Spells:  1 memorised,  8 levels left

rFire  . . .     SeeInvis .     o - +1,+2 short sword
rCold  . . .     Clarity  .     a - +0 robe
rNeg   . . .     Conserve .     (no shield)
rPois  .         rCorr    .     (no helmet)
rElec  .         rRot     .     (no cloak)
SustAb . .       Spirit   .     m - +1 pair of gloves
rMut   .         Warding  .     (no boots)
Saprov . . .     Stasis   .     (no amulet)
MR     .....                    (no ring)
                                (no ring)

@: not resistant to hostile enchantments, fairly stealthy
A: no striking features
a: no special abilities


You were on level 3 of the Dungeon.
You were not hungry.

You visited 1 branch of the dungeon, and saw 3 of its levels.

You collected 54 gold pieces.

Inventory:

Hand weapons
 o - a +1,+2 short sword (weapon)
 p - a cursed -1,+0 spear
Missiles
 e - a poisoned dart (quivered)
Armour
 a - a +0 robe (worn)
 m - a +1 pair of gloves (worn)
Comestibles
 c - 3 bread rations
Scrolls
 f - 2 scrolls of enchant weapon I {unknown}
 g - 4 scrolls of magic mapping
 i - 2 scrolls of identify {unknown}
 j - a scroll of remove curse
 k - a scroll of random uselessness {unknown}
 l - 3 scrolls of recharging {unknown}
 n - 2 scrolls of enchant armour {unknown}
Jewellery
 d - an uncursed ring of ice
Potions
 h - a potion of curing
Books
 b - a book of Flames

   Spells                             Type                      Level
   *Flame Tongue                      Conjuration/Fire             1
   Throw Flame                        Conjuration/Fire             2
   Conjure Flame                      Conjuration/Fire             3
   Inner Flame                        Hexes/Fire                   3
   Sticky Flame                       Conjuration/Fire             4
   Fireball                           Conjuration/Fire             5


   Skills:
 - Level 2.4 Dodging
 - Level 2.4 Stealth
 + Level 3.7 Spellcasting
 * Level 2.4 Conjurations
 * Level 4.2 Fire Magic


You had 8 spell levels left.
You knew the following spells:

 Your Spells              Type           Power        Failure   Level  Hunger
a - Flame Tongue          Conj/Fire      ###..        3%          1    None


Dungeon Overview and Level Annotations

Branches:
Dungeon (3/15)

Altars:
Cheibriados
Dithmenos
Kikubaaqudgha
Makhleb
Zin

Annotations:
D:3 Sigmund


Message History

The bat barely misses you. The bat hits you but does no damage.
An adder comes into view.
The bat closely misses you. The bat barely misses you.
The adder barely misses you. The bat closely misses you.
The bat barely misses you. The giant cockroach barely misses you.
The adder closely misses you.
Unknown command.
An adder and a rat come into view.
The bat hits you but does no damage.
The rat moves out of view.
Unknown command.
The bat hits you but does no damage. The bat closely misses you.
The adder bites you but does no damage. The adder misses you.
Found 11 gold pieces.
There is a stone staircase leading down here.
Unknown command.
The bat completely misses you. The adder bites you.
* * * LOW HITPOINT WARNING * * *
The adder bites you.
You die...

..# ... .
......###.##. ..$
..###.#.............#
### #.#.........S...#
# #.#.........r...# #
#.#............. #
#.#.......##...###.#
# #.##.# #..#.......
#####.##.###...S...##
......o.....o.oS@...#
####.###.##..#s....##
# #.# #........b..#
## #.######..#...#.#
.###.#.## #..###.#.#
........# #..# #.#.#
.###.#.# #... ... #
.....#.## #### ####
#####...# ####.#..#


You could see 3 adders, 2 orcs, a giant cockroach, a bat and a rat.

Vanquished Creatures
  3 gnolls (D:3)
  An adder (D:3)
  A giant gecko (D:2)
  3 bats
  4 giant cockroaches
  3 goblins
  A hobgoblin (D:1)
  3 kobolds
  2 rats
21 creatures vanquished.

Notes
Turn   | Place    | Note
--------------------------------------------------------------
     0 | D:1      | 4tharraofdagon, the Deep Elf Fire Elementalist, began the quest for the Orb.
     0 | D:1      | Reached XP level 1. HP: 10/10 MP: 5/5
   268 | D:2      | Reached XP level 2. HP: 13/15 MP: 4/8
   284 | D:2      | Found a burning altar of Makhleb.
   285 | D:2      | Found an ancient bone altar of Kikubaaqudgha.
   285 | D:2      | Found a shadowy altar of Dithmenos.
   286 | D:2      | Found a snail-covered altar of Cheibriados.
   378 | D:3      | Found a glowing silver altar of Zin.
   487 | D:3      | Reached skill level 4 in Fire Magic
   487 | D:3      | Reached XP level 3. HP: 13/19 MP: 2/11
   567 | D:3      | Noticed Sigmund
   640 | D:3      | Slain by an adder

Action                   || total
-------------------------++-------
Melee: Unarmed           ||     1
       Short sword       ||     9
 Cast: Flame Tongue      ||    37
  Use: Potion            ||     5
       Scroll            ||     2
